 Dungeon Crawl Stone Soup version 0.16-a0-286-g6bac339 (webtiles) character file.

824 PolkaDot the Cutter (level 7, -14/76 HPs)
             Began as a Vampire Berserker on Aug 28, 2014.
             Was a Priest of Trog.
             Demolished by Menkaure (23 damage)
             ... on Level 5 of the Dungeon.
             The game lasted 00:14:09 (3730 turns).

PolkaDot the Cutter (Vampire Berserker)             Turns: 3730, Time: 00:14:09

HP -14/76        AC  3     Str 23      XL: 7   Next: 64%
MP   7/7         EV 12     Int  9      God: Trog [***...]
Gold 242         SH  0     Dex 15      Spells:  0 memorised,  6 levels left

rFire  . . .     SeeInvis +     a - +0 short sword
rCold  . . .     Clarity  .     q - +0 leather armour of the Ward {Str+2}
rNeg   . . .     rCorr    .     (no shield)
rPois  .         rRot     .     (no helmet)
rElec  .         Spirit   .     (no cloak)
SustAb .         Warding  .     (no gloves)
rMut   .         Stasis   .     (no boots)
Gourm  .                        (no amulet)
MR     ++...                    (no ring)
                                (no ring)

@: berserking, regenerating, very quick, very resistant to hostile enchantments,
extremely unstealthy
A: bottle blood, fangs 3, see invisible, unbreathing
a: Bottle Blood, Burn Spellbooks, Berserk, Trog's Hand, Renounce Religion


You were on level 5 of the Dungeon.
You worshipped Trog.
Trog was most pleased with you.
You were very full.

You visited 1 branch of the dungeon, and saw 5 of its levels.

You collected 242 gold pieces.

Inventory:

Hand weapons
 a - a +0 short sword (weapon)
Armour
 q - the cursed +0 leather armour of the Ward (worn) {Str+2}
   (You found it on level 4 of the Dungeon)

   It affects your strength (+2).
   It has a curse placed upon it.
Magical devices
 l - a wand of frost (5)
Scrolls
 e - 5 scrolls of teleportation {unknown}
 g - a scroll of magic mapping {unknown}
 j - 5 scrolls of identify {unknown}
 s - a scroll of random uselessness {unknown}
 t - a scroll of remove curse {unknown}
 u - a scroll of enchant armour {unknown}
Jewellery
 k - an uncursed amulet of warding {unknown}
 r - an uncursed ring of fire {unknown}
Potions
 b - a potion of poison {unknown}
 c - 3 potions of heal wounds {unknown}
 d - 4 potions of curing {unknown}
 f - a potion of cancellation {unknown}
 h - 2 potions of flight {unknown}
 i - a potion of restore abilities {unknown}
 m - 3 potions of haste {unknown}
 n - 2 potions of agility {unknown}
 o - 2 potions of brilliance {unknown}
 p - a potion of berserk rage {unknown}


   Skills:
 - Level 2.6 Fighting
 * Level 7.7 Short Blades
 + Level 3.5 Armour
 - Level 2.1 Dodging
 + Level 6.6 Stealth


You had 6 spell levels left.
You didn't know any spells.

Dungeon Overview and Level Annotations

Branches:
Dungeon (5/15)
 Temple: D:4-7

Altars:
Ashenzari
Cheibriados
Kikubaaqudgha
Makhleb

Annotations:
D:5 Menkaure


Innate Abilities, Weirdness & Mutations

Your natural rate of healing is unusually fast.
You can bottle blood from corpses.
You have razor-sharp teeth.
You have supernaturally acute eyesight.
You can survive without breathing.


Message History

* * * LOW HITPOINT WARNING * * *
You hit the bat.
You kill the bat!
Trog accepts your kill.
Use which ability? (? or * to list)
Your skin crawls.
You feel resistant to hostile enchantments.
You feel slightly less full. Menkaure hits you.
* * * LOW HITPOINT WARNING * * *
Use which ability? (? or * to list)
A red film seems to cover your vision as you go berserk!
You feel yourself moving faster!
You feel mighty!
You feel somewhat less full. Menkaure hits you!!
* * * LOW HITPOINT WARNING * * *
You barely miss Menkaure. Menkaure barely misses you.
You barely miss Menkaure. You hit Menkaure. You bite Menkaure!
Menkaure is severely damaged.
Menkaure hits you!!
You die...

. #.......##. #.#
#.###.####. #.# #.#
#.####. ###.##### #.#
#...... .......# #.#
####### #... ..# #.#### #
# ##..# #.# #..).## ##
##.#...###.#######...####.
+.......M@..............'.
##......##.#######..<####|
#....#.##.#...........###
#.........#.###.##.##<# #
####......#.# #.##.##.#
###.####.# #....##.# #.#
#.# #.##.##.# #.#
#.###.##.##.# #.#
#...........##


You could see Menkaure.

Vanquished Creatures
  A phantom (D:4)
  A centaur (D:5)
  Blork the orc (D:4)
  A scorpion (D:4)
  A crimson imp (D:4)
  3 hounds
  An orc priest (D:5)
  A giant frog skeleton (D:4)
  4 worker ants
  Jessica (D:3)
  A hound zombie (D:5)
  Terence (D:2)
  A gnoll (D:1)
  2 green rats (D:4)
  5 adders
  2 giant mites (D:4)
  2 worms (D:4)
  An iguana skeleton (D:4)
  2 giant geckos
  16 orcs
  12 bats
  A bat skeleton (D:4)
  4 giant cockroaches
  8 hobgoblins
  7 jackals
  4 quokkas
  5 giant newts
  13 goblins
  10 kobolds
  A kobold skeleton (D:4)
  12 rats
125 creatures vanquished.

Notes
Turn   | Place    | Note
--------------------------------------------------------------
     0 | D:1      | PolkaDot, the Vampire Berserker, began the quest for the Orb.
     0 | D:1      | Reached XP level 1. HP: 17/17 MP: 1/1
    35 | D:1      | Found a snail-covered altar of Cheibriados.
   111 | D:1      | Reached skill level 4 in Short Blades
   111 | D:1      | Reached skill level 1 in Stealth
   111 | D:1      | Reached XP level 2. HP: 16/23 MP: 2/2
   626 | D:1      | Reached XP level 3. HP: 23/28 MP: 3/3
   940 | D:2      | Acquired Trog's second power
   952 | D:2      | Noticed Terence
   959 | D:2      | Killed Terence
  1181 | D:2      | Found a burning altar of Makhleb.
  1181 | D:2      | Noticed an Executioner
  1491 | D:3      | Reached skill level 5 in Short Blades
  1497 | D:3      | Reached XP level 4. HP: 30/34 MP: 4/4
  1601 | D:3      | Noticed Jessica
  1666 | D:3      | Killed Jessica
  1708 | D:3      | Found a shattered altar of Ashenzari.
  2237 | D:4      | Reached XP level 5. HP: 37/39 MP: 5/5
  2252 | D:4      | Noticed Blork the orc
  2275 | D:4      | Killed Blork the orc
  2304 | D:4      | Reached skill level 6 in Short Blades
  2323 | D:4      | Got an ancient leather armour
  2334 | D:4      | Identified the cursed +0 leather armour of the Ward {Str+2} (You found it on level 4 of the Dungeon)
  2387 | D:4      | Reached XP level 6. HP: 29/46 MP: 6/6
  2565 | D:4      | Reached skill level 5 in Stealth
  2813 | D:4      | Reached skill level 7 in Short Blades
  2813 | D:4      | Reached XP level 7. HP: 33/51 MP: 7/7
  3063 | D:5      | Entered Level 5 of the Dungeon
  3155 | D:5      | Found an ancient bone altar of Kikubaaqudgha.
  3714 | D:5      | Noticed Menkaure
  3730 | D:5      | Demolished by Menkaure

Action                   |  1- 3 |  4- 6 |  7- 9 || total
-------------------------+-------+-------+-------++-------
Melee: Short sword       |   114 |   292 |   137 ||   543
Invok: Berserk           |     2 |     6 |     3 ||    11
       Trog's Hand       |       |     8 |     4 ||    12
Evoke: Wand              |       |    11 |       ||    11
  Use: Potion            |     1 |       |       ||     1
 Stab: Sleeping          |     3 |     6 |     4 ||    13
       Distracted        |       |     1 |       ||     1
  Eat: Corpse            |    12 |    18 |    10 ||    40
